 Dungeon Crawl Stone Soup version 0.23.2-40-g277498a001 (webtiles) character file.

Game seed: 12594498325724222803

12248 Marnok the Blocker (level 11, 0/95 HPs)
             Began as a Minotaur Fighter on Oct 3, 2019.
             Was a High Priest of Okawaru.
             Slain by a reaper
             ... wielding a +3 scythe of protection
              (28 damage)
             ... in a Gauntlet.
             The game lasted 00:44:24 (11973 turns).

Marnok the Blocker (Minotaur Fighter)              Turns: 11973, Time: 00:44:24

Health: 0/95       AC: 10    Str: 30    XL:     11   Next: 60%
Magic:  10/10      EV: 13    Int:  3    God:    Okawaru [*****.]
Gold:   340        SH: 13    Dex:  9    Spells: 10/10 levels left

rFire    . . .     SeeInvis .   P - +3 hand axe (chop)
rCold    . . .     Gourm    .   c - +0 shield
rNeg     . . .     Faith    .   K - +0 ring mail of Dujoxt {Str+2}
rPois    .         Spirit   .   Q - +1 hat
rElec    .         Reflect  .   l - +0 cloak
rCorr    .         Harm     .   p - +0 pair of gloves
MR       +....     Clarity  +   (no boots) Stlth +.........NoTele +
                                (no amulet)
HPRegen  0.25/turn              x - ring of protection from magic
MPRegen  0.12/turn              R - +3 ring of strength

@: no status effects
A: retaliatory headbutt, horns 2, blink, clarity, dopey 1, sense surroundings 1,
no potion heal 1
a: Blink, Heroism, Finesse, Renounce Religion


You were in a Gauntlet.
You worshipped Okawaru.
Okawaru was extremely pleased with you.
You were not hungry.

You visited 1 branch of the dungeon, and saw 13 of its levels.
You also visited: Ossuary and Gauntlet.

You collected 675 gold pieces.
You spent 335 gold pieces at shops.

Inventory:

Hand Weapons
 a - a +0 long sword
 d - a +3 scimitar of flaming
 e - a +2 dagger of speed
 h - a +1 flail of crushing
 m - a +1 hand axe of pain
 n - a +0 vampiric short sword
 q - a +2 dagger of draining
 y - a +0 hand axe of chopping
 D - a +1 dagger of speed
 J - a +1 war axe of electrocution
 N - a +2 shortbow of velocity
 P - a +3 hand axe of chopping (weapon)
Armour
 c - a +0 shield (worn)
 l - a +0 cloak (worn)
 p - a +0 pair of gloves (worn)
 C - a +3 scale mail
 K - the +0 ring mail of Dujoxt (worn) {Str+2}
   (You found it on level 7 of the Dungeon)

   It affects your strength (+2).
 Q - a +1 hat (worn)
Jewellery
 x - a ring of protection from magic (left hand)
 H - a +3 ring of intelligence
 R - a +3 ring of strength (right hand)
Wands
 b - a wand of disintegration (20)
 o - a wand of enslavement (5)
 u - a wand of paralysis (6)
 w - a wand of polymorph (11)
 G - a wand of random effects (15)
 O - a wand of flame (18)
Scrolls
 g - 6 scrolls of blinking
 j - 5 scrolls of teleportation
 r - 4 scrolls of amnesia
 v - 7 scrolls of remove curse
 B - 2 scrolls of fog
 E - a scroll of magic mapping
 I - 3 scrolls of vulnerability
 L - a scroll of fear
 U - a scroll of enchant weapon
Potions
 i - 2 potions of haste
 k - 2 potions of magic
 s - a potion of experience
 t - 5 potions of curing
 z - 3 potions of agility
 A - 2 potions of flight
 M - 2 potions of degeneration
Comestibles
 f - 24 rations


   Skills:
 + Level 8.6 Fighting
 + Level 10.7 Long Blades
 + Level 7.8 Axes
 + Level 0.2 Throwing
 + Level 8.9 Armour
 + Level 7.0 Dodging
 + Level 1.4 Stealth
 + Level 11.9 Shields
 + Level 0.1 Invocations


You had 10 spell levels left.
You didn't know any spells.
Your spell library contained the following spells:

 Spells                   Type           Power        Failure   Level  Hunger
 Corona                   Hex            #......      77%         1    ##.....
 Shock                    Conj/Air       #...         77%         1    ##.....
 Slow                     Hex            #.......     88%         2    ###....
 Inner Flame              Hex/Fire       #.......     98%         3    ####...
 Portal Projectile        Hex/Tloc       #.....       98%         3    ####...
 Cause Fear               Hex            #.........   100%        4    #####..
 Leda's Liquefaction      Hex/Erth       #.........   100%        4    #####..


Dungeon Overview and Level Annotations

Branches:
Dungeon (13/15)            Temple (0/1) D:4            Lair (0/6) D:10
    Orc (0/2) D:9
 Vaults: D:13-14

Altars:
Ashenzari
Elyvilon
Fedhas
Kikubaaqudgha
Nemelex Xobeh
Okawaru
Qazlal
Ru
Sif Muna
Yredelemnul
The Shining One
Beogh

Shops:
D:4 !   D:6 !   D:7 [

Annotations:
D:9 exclusion: orange crystal statue Gauntlet 2 runed translucent doors, 6 transporters


Innate Abilities, Weirdness & Mutations

You reflexively headbutt those who attack you in melee.
You have a pair of horns on your head.
You can translocate small distances at will.
You possess an exceptional clarity of mind.
You are dopey. (Int -2)
You passively map a small area around you.
Potions are less effective at restoring your health.


Message History

You block the hellwing's attack. x2
You hit the reaper but do no damage. You headbutt the reaper.
The reaper is heavily wounded.
You hit the hellwing but do no damage.
The reaper hits you with a +3 scythe of protection!!
* * * LOW HITPOINT WARNING * * *
You block the hellwing's attack. The hellwing barely misses you.
Your system partially rejects the healing.
You feel better. The hellwing barely misses you.
The hellwing hits you but does no damage.
The reaper is lost in a daze.
You hit the reaper but do no damage. Your headbutt misses the reaper.
The reaper is heavily wounded.
You hit the hellwing but do no damage. The hellwing closely misses you.
The hellwing hits you.
* * * LOW HITPOINT WARNING * * *
Your system partially rejects the healing.
You feel better.
The reaper hits you with a +3 scythe of protection!!
You die...

≈###≈###≈###≈###≈###≈###≈
≈≈#≈≈≈#≈≈≈#≈≈≈#≈≈≈#≈≈≈#≈≈
........................≈
..#########...#########.#
*
⌠.#.#.....#.⌠.#.......#.≈
, * ..#.#.###.#...#.#
^..[#.≈
###.###...#####.##.^.!#.≈
.©#...©..©#©.©#..4###©#.
*
⌠.#.###...#.⌠.#2@.###.#..
..#.#.###.#...#.#.###)#..
, ⌠.#h#.....#.⌠.#......
*.∩,
..#########...######## ,
⌠.........#.⌠.....#.....⌠
..#########...#########.
*
⌠.#...##bt#.⌠.#JJJ....#.
*
..###...#b#...#.###.#(#.,
, , ⌠.#b.#..#b#.⌠.#..#...
,


You could see a reaper (dazed), a fire crab, a death ooze, a hellwing (dazed), a
fire bat and a jelly.

Vanquished Creatures
  Erica (D:11)
  Harold (D:9)
  Pikel (D:8)
  An ugly thing (D:11)
  A moth of wrath (Gauntlet)
  2 manticores (D:13)
  3 centaur skeletons
  A torpor snail (Gauntlet)
  A troll (D:11)
  2 hippogriffs
  A wyvern (D:10)
  3 yaks (Gauntlet)
  A hungry ghost (D:10)
  Menkaure (Ossuary)
  2 water moccasins
  5 orc warriors
  A phantom (D:4)
  A hornet zombie (D:10)
  4 ice beasts
  4 sky beasts
  4 wolves (Gauntlet)
  10 ogres
  3 centaurs
  A big kobold (D:8)
  11 bullfrogs
  Blork the orc (D:5)
  An elf zombie (Ossuary)
  2 wyvern zombies
  A gnoll sergeant (D:8)
  2 scorpions
  A water moccasin skeleton (D:7)
  13 killer bees
  A wight (D:10)
  4 centaur zombies (Ossuary)
  6 crimson imps
  3 quasits (D:5)
  A bullfrog skeleton (D:11)
  2 bullfrog zombies (D:10)
  A hound (D:7)
  3 jellies
  6 orc priests
  3 iguanas
  9 orc wizards
  5 worker ants
  A big kobold zombie (Ossuary)
  An ogre zombie (Ossuary)
  A hound zombie (D:8)
  A hound skeleton (D:8)
  6 mummies (Ossuary)
  A worker ant zombie (D:11)
  8 adders
  20 gnolls
  2 shadow imps (D:11)
  5 adder zombies
  4 dart slugs
  3 worms
  6 leopard geckos
  39 orcs
  A ball python (D:4)
  7 bats
  4 bat zombies (D:2)
  7 giant cockroaches
  12 hobgoblins
  11 jackals
  2 quokkas
  6 frilled lizards
  7 goblins
  5 goblin zombies (Ossuary)
  2 hobgoblin zombies (Ossuary)
  A jackal zombie (D:7)
  10 kobolds
  4 kobold zombies (Ossuary)
  2 leopard gecko skeletons
  A leopard gecko zombie (D:5)
  4 quokka zombies (Ossuary)
  7 rats
  5 rat zombies (Ossuary)
  2 plants (Gauntlet)
329 creatures vanquished.

Vanquished Creatures (others)
  A centaur skeleton (D:8)
1 creature vanquished.

Grand Total: 330 creatures vanquished

Notes
Turn   | Place    | Note
-------+----------+-------------------------------------------
     0 | D:1      | Marnok the Minotaur Fighter began the quest for the Orb.
     0 | D:1      | Reached XP level 1. HP: 19/19 MP: 0/0
   435 | D:1      | Reached skill level 4 in Shields
   435 | D:1      | Reached XP level 2. HP: 21/27 MP: 1/1
   932 | D:2      | Reached XP level 3. HP: 33/33 MP: 2/2
  1216 | D:2      | Reached XP level 4. HP: 37/40 MP: 3/3
  1724 | D:2      | Reached skill level 1 in Dodging
  1747 | D:2      | Found an ancient bone altar of Kikubaaqudgha.
  2040 | D:5      | Entered Level 5 of the Dungeon
  2082 | D:5      | Found a sand-covered staircase.
  2087 | Ossuary  | Entered an ossuary
  2106 | Ossuary  | Reached skill level 5 in Shields
  2139 | Ossuary  | Reached XP level 5. HP: 37/46 MP: 4/4
  2367 | Ossuary  | Reached XP level 6. HP: 45/52 MP: 5/5
  2385 | Ossuary  | Noticed Menkaure
  2393 | Ossuary  | Killed Menkaure
  2393 | Ossuary  | Reached skill level 5 in Long Blades
  2393 | Ossuary  | Reached skill level 5 in Armour
  2477 | Ossuary  | Reached XP level 7. HP: 60/60 MP: 6/6
  2662 | D:5      | Reached skill level 5 in Fighting
  2755 | D:5      | Found a sacrificial altar of Ru.
  2862 | D:4      | Reached skill level 6 in Shields
  2898 | D:4      | Found a staircase to the Ecumenical Temple.
  3580 | D:3      | Reached XP level 8. HP: 60/68 MP: 7/7
  3762 | D:3      | Reached skill level 7 in Shields
  3809 | D:3      | Found a sparkling altar of Nemelex Xobeh.
  4029 | D:4      | Found Xuacs's Distillery.
  4037 | D:4      | Bought a potion of flight for 33 gold pieces
  4037 | D:4      | Bought a potion of mutation for 88 gold pieces
  4037 | D:4      | Bought a potion of flight for 33 gold pieces
  4037 | D:4      | Bought a potion of mutation for 88 gold pieces
  4037 | D:4      | Bought a potion of curing for 33 gold pieces
  4037 | D:4      | Gained mutation: Your spells are a little harder to cast,
                  | but a little more powerful. [potion of mutation]
  4037 | D:4      | Gained mutation: You expend magic power (3 MP) to
                  | strengthen your wands. [potion of mutation]
  4038 | D:4      | Lost mutation: Your spells are a little harder to cast, but
                  | a little more powerful. [potion of mutation]
  4038 | D:4      | Lost mutation: You expend magic power (3 MP) to strengthen
                  | your wands. [potion of mutation]
  4038 | D:4      | Gained mutation: You are clumsy. (Dex -2) [potion of
                  | mutation]
  4038 | D:4      | Gained mutation: Potions are less effective at restoring
                  | your health. [potion of mutation]
  4038 | D:4      | Gained mutation: You are partially covered in iridescent
                  | scales. (AC +2) [potion of mutation]
  4071 | D:4      | Found a shattered altar of Ashenzari.
  4146 | D:4      | Found a stormy altar of Qazlal.
  4318 | D:6      | Found Nuenk's Distillery.
  4364 | D:5      | Noticed Blork the orc
  4382 | D:5      | Killed Blork the orc
  4674 | D:5      | Found a blossoming altar of Fedhas.
  4909 | D:6      | Reached skill level 8 in Shields
  5180 | D:6      | Bought a potion of curing for 30 gold pieces
  5180 | D:6      | Bought a potion of flight for 30 gold pieces
  5235 | D:6      | Reached XP level 9. HP: 54/75 MP: 8/8
  5541 | D:6      | Found an iron altar of Okawaru.
  5573 | D:6      | Became a worshipper of Warmaster Okawaru
  5599 | D:6      | Found a deep blue altar of Sif Muna.
  5633 | D:6      | Identified Sif Muna's Reference Book on Feathers
  6037 | D:7      | Got an encrusted ring mail
  6038 | D:7      | Identified the +0 ring mail of Dujoxt {Str+2} (You found it
                  | on level 7 of the Dungeon)
  6071 | D:7      | Found Faxeg's Antique Armour Shop.
  6112 | D:7      | Lost mutation: You are partially covered in iridescent
                  | scales. (AC +2) [potion of mutation]
  6112 | D:7      | Lost mutation: You are clumsy. (Dex -2) [potion of
                  | mutation]
  6112 | D:7      | Gained mutation: You passively map a small area around you.
                  | [potion of mutation]
  6112 | D:7      | Gained mutation: You are dopey. (Int -2) [potion of
                  | mutation]
  6112 | D:7      | Gained mutation: You possess an exceptional clarity of
                  | mind. [potion of mutation]
  6112 | D:7      | Gained mutation: You can translocate small distances at
                  | will. [potion of mutation]
  6606 | D:8      | Noticed Pikel
  6615 | D:8      | Killed Pikel
  6615 | D:8      | Reached * piety under Okawaru
  6615 | D:8      | Reached skill level 9 in Shields
  6709 | D:8      | Found a glowing golden altar of the Shining One.
  6882 | D:8      | Reached ** piety under Okawaru
  7213 | D:8      | Reached skill level 10 in Long Blades
  7213 | D:8      | Reached skill level 5 in Dodging
  7430 | D:8      | Reached XP level 10. HP: 74/86 MP: 9/9
  7628 | D:9      | Reached skill level 1 in Stealth
  7742 | D:10     | Entered Level 10 of the Dungeon
  7791 | D:9      | Noticed an orange crystal statue
  8019 | D:9      | Found a basalt altar of Yredelemnul.
  8206 | D:9      | Found a roughly hewn altar of Beogh.
  8208 | D:9      | Found a staircase to the Orcish Mines.
  8271 | D:9      | Noticed Harold
  8479 | D:9      | Killed Harold
  8479 | D:9      | Reached *** piety under Okawaru
  8479 | D:9      | Reached skill level 1 in Axes
  8479 | D:9      | Reached skill level 10 in Shields
  9462 | D:10     | Reached **** piety under Okawaru
  9519 | D:10     | Reached skill level 11 in Shields
  9754 | D:10     | Reached skill level 5 in Axes
  9966 | D:10     | Reached XP level 11. HP: 57/94 MP: 10/10
 10156 | D:10     | Found a staircase to the Lair.
 10428 | D:11     | Noticed Erica
 10428 | D:11     | Noticed a red ugly thing
 10446 | D:11     | Killed a red ugly thing
 10452 | D:11     | Killed Erica
 11202 | D:11     | Found a sparkling altar of Nemelex Xobeh.
 11228 | D:13     | Found a white marble altar of Elyvilon.
 11391 | D:13     | Found a gate leading to a gauntlet.
 11395 | Gauntlet | Entered a Gauntlet
 11395 | Gauntlet | Found a runed translucent door.
 11395 | Gauntlet | Found a transporter.
 11395 | Gauntlet | Found a runed translucent door.
 11395 | Gauntlet | Found a transporter.
 11555 | Gauntlet | Reached ***** piety under Okawaru
 11567 | Gauntlet | Found a transporter.
 11567 | Gauntlet | Found a transporter.
 11611 | Gauntlet | Found a transporter.
 11611 | Gauntlet | Found a transporter.
 11623 | Gauntlet | Noticed a fire crab
 11623 | Gauntlet | Found a transporter.
 11623 | Gauntlet | Found a transporter.
 11930 | Gauntlet | Noticed a reaper
 11933 | Gauntlet | Found a transporter.
 11933 | Gauntlet | Found a transporter.
 11954 | Gauntlet | Noticed a death ooze
 11967 | Gauntlet | Found a transporter.
 11973 | Gauntlet | Slain by a reaper

Skill      XL: |  1  2  3  4  5  6  7  8  9 10 11 |
---------------+----------------------------------+-----
Shields        | 4 5 6 8 9 11 | 11.9
Armour         | 4 5 7 8 |  8.9
Long Blades    | 3 4 6 7 8 10 | 10.7
Dodging        | 1 2 3 5 7 |  7.0
Fighting       | 4 5 7 8 |  8.6
Stealth        | 1 |  1.4
Axes           | 5 7 |  7.8
Throwing       | |  0.2
Invocations    | |  0.1

Action                   |  1- 3 |  4- 6 |  7- 9 | 10-12 || total
-------------------------+-------+-------+-------+-------++-------
Melee: Long sword        |   112 |   114 |   468 |    91 ||   785
       Headbutt          |    16 |    29 |    85 |    90 ||   220
       Hand axe          |       |       |       |   295 ||   295
Throw: Tomahawk          |       |       |       |     2 ||     2
Invok: Heroism           |       |       |       |     4 ||     4
  Use: Scroll            |       |     4 |    12 |     7 ||    23
       Potion            |       |     2 |    11 |    12 ||    25
  Eat: Chunk             |     1 |     2 |    12 |    16 ||    31
       Ration            |       |     1 |     1 |       ||     2
Armor: Scale mail        |    50 |    63 |   172 |       ||   285
       Ring mail         |       |       |    26 |   102 ||   128
Dodge: Dodged            |    31 |    49 |   205 |   166 ||   451
Block: Shield            |    73 |    68 |   308 |   252 ||   701
       Rpst.: Long sword |     4 |    12 |    45 |     6 ||    67
